 Dungeon Crawl Stone Soup version 0.28.0-43-g3370ac3207 (webtiles) character file.

Game seed: 16874578988609218703

3834 pkoi the Cleaver (level 10, -5/90 HPs)
             Began as a Hill Orc Fighter on Mar 22, 2022.
             Was a Follower of Qazlal.
             Slain by a two-headed ogre
             ... wielding a +0 giant club
              (20 damage)
             ... on level 7 of the Dungeon.
             The game lasted 00:07:47 (8546 turns).

pkoi the Cleaver (Hill Orc Fighter)                 Turns: 8546, Time: 00:07:47

Health: -5/90      AC: 16    Str: 24    XL:     10   Next: 18%
Magic:  16/16      EV: 13    Int:  8    God:    Qazlal [*.....]
Gold:   206        SH:  6    Dex: 10    Spells: 9/9 levels left

rFire   + . .      SeeInvis .   r - +7 flail (protect)
rCold   + . .      Faith    .   c - +0 buckler
rNeg    . . .      Spirit   .   b - +0 scale mail
rPois   .          Reflect  .   (no helmet)
rElec   .          Harm     .   s - scarf {rC+ rF+}
rCorr   .          Rampage  .   i - +0 pair of gloves
Will    .....                   (no boots)
Stlth   ..........              (no amulet)
HPRegen 0.25/turn               l - ring of flight
MPRegen 0.15/turn               o - +4 ring of evasion

@: under a protective aura, flying
A: no striking features
a: Renounce Religion


You were on level 7 of the Dungeon.
You worshipped Qazlal.
Qazlal was aware of your devotion.
You visited 2 branches of the dungeon, and saw 8 of its levels.

You collected 288 gold pieces.
You spent 82 gold pieces at shops.

Inventory:

Hand Weapons
 a - a +0 war axe of flaming
 r - a +7 flail of protection (weapon)
Armour
 b - a +0 scale mail (worn)
 c - a +0 buckler (worn)
 i - a +0 pair of gloves (worn)
 s - a scarf of resistance (worn)
Jewellery
 l - a ring of flight (left hand)
 o - a +4 ring of evasion (right hand)
 q - a ring of magical power
 u - an amulet of faith
 v - a ring of resist corrosion
Wands
 t - a wand of mindburst (15)
Scrolls
 d - a scroll of teleportation
 h - a scroll of fear
 m - a scroll of blinking
 p - 2 scrolls of identify
 z - 3 scrolls of enchant weapon
 A - a scroll of amnesia
Potions
 e - 2 potions of mutation {unknown}
 f - 3 potions of curing {unknown}
 g - a potion of haste
 j - a potion of attraction {unknown}
 k - 3 potions of brilliance {unknown}
 w - 2 potions of heal wounds {unknown}
 x - a potion of flight
 B - a potion of berserk rage {unknown}
 C - a potion of might


   Skills:
 + Level 8.7 Fighting
 + Level 11.0 Axes
 + Level 8.0 Armour
 - Level 3.4 Shields
 * Level 8.5 Invocations
 + Level 2.7 Evocations


You had 9 spell levels left.
You didn't know any spells.
Your spell library contained the following spells:

 Spells                   Type           Power      Damage    Failure   Level
 Dazzling Flash           Conj/Hex       0%         N/A       98%         3
 Frozen Ramparts          Ice            0%         1d2       98%         3
 Inner Flame              Hex/Fire       0%         N/A       98%         3
 Cause Fear               Hex            0%         N/A       100%        4
 Ice Form                 Ice/Tmut       0%         N/A       100%        4
 Iskenderun's Mystic Bla  Conj/Tloc      0%         2d3       100%        4
 Summon Ice Beast         Ice/Summ       0%         N/A       100%        4
 Agony                    Necr           0%         N/A       100%        5
 Silence                  Hex/Air        0%         N/A       100%        5
 Starburst                Conj/Fire      0%         6d3       100%        6
 Discord                  Hex            0%         N/A       100%        8


Dungeon Overview and Level Annotations

Branches:
Dungeon (7/15)             Temple (1/1) D:6

Altars:
Ashenzari
Dithmenos
Elyvilon
Fedhas
Hepliaklqana
Makhleb
Nemelex Xobeh
Okawaru
Qazlal
Sif Muna
Uskayaw
Vehumet
Wu Jian
Xom
Zin
The Shining One

Shops:
D:3 ?[   D:5 :


Message History

* * * LOW HITPOINT WARNING * * *
You thump the two-headed ogre!
The two-headed ogre is lightly wounded.
The two-headed ogre hits you with a +0 giant club.
* * * LOW HITPOINT WARNING * * *
The two-headed ogre hits you with a +0 giant spiked club!
* * * LOW HITPOINT WARNING * * *
Unknown command.
You hit the two-headed ogre.
The two-headed ogre is moderately wounded.
The two-headed ogre completely misses you.
You block the two-headed ogre's attack.
You hit the two-headed ogre.
The two-headed ogre is moderately wounded.
The two-headed ogre hits you with a +0 giant club!
* * * LOW HITPOINT WARNING * * *
The two-headed ogre closely misses you.
Unknown command.
You sock the two-headed ogre!
The two-headed ogre is severely wounded.
The two-headed ogre hits you with a +0 giant club!
* * * LOW HITPOINT WARNING * * *
The two-headed ogre hits you with a +0 giant spiked club!
* * * LOW HITPOINT WARNING * * *
Unknown command.
Unknown command.
You see here a black bear corpse.
You feel your willpower return.
Aiming: Mindburst
Press: ? - help, Shift-Dir - straight line, f - two-headed ogre
Aim: a two-headed ogre, wielding a +0 giant club and a +0 giant spiked club (heavily wounded, chance to affect: 59%)
The two-headed ogre's minds are blasted!
The two-headed ogre hits you with a +0 giant club.
* * * LOW HITPOINT WARNING * * *
The two-headed ogre completely misses you.
You hit the two-headed ogre.
Your weapon exudes an aura of protection.
The two-headed ogre is severely wounded.
The two-headed ogre hits you with a +0 giant club!!
You die...

#.'.#.'.#.......
###'#'#####.....
#######.'...'.# #.....
#.....###...### #.)..(
#.....#.'...'.# #.....
#.....#'#'#'#.# #.....
#.....#.#.#.#.###.....
#.....#######'#.......
#....@...# #...######
#.....O..## #####
#.........#
#.........#
####.##...#####
#..........#
#..###.###.#
#..#.....#.#
#..#.8.8.#.#


You could see a two-headed ogre.

Vanquished Creatures
  Pikel (D:6)
  A hornet (D:7)
  Prince Ribbit (D:5)
  A shadow (D:7)
  Sigmund (D:6)
  Eustachio (D:6)
  Edmund (D:4)
  A water moccasin (D:7)
  Duvessa (D:6)
  An orc warrior (D:7)
  2 ice beasts (D:7)
  A sky beast (D:7)
  A necrophage (Temple)
  2 black bears
  A phantom (D:6)
  Blork the orc (Temple)
  A kobold brigand (D:7)
  3 elf skeletons (D:7)
  3 scorpions
  Dowan (D:6)
  2 centaur zombies
  4 hounds
  A human zombie (D:7)
  A bullfrog skeleton (D:6)
  5 orc priests
  2 gnoll shamans
  A human skeleton (D:7)
  2 iguanas
  5 orc wizards
  A howler monkey zombie (D:7)
  7 gnolls
  A howler monkey skeleton (D:4)
  2 adders
  3 shadow imps
  2 white imps (D:7)
  An adder skeleton (D:4)
  5 dart slugs
  3 worms
  13 orcs
  6 bats
  6 endoplasms
  2 giant cockroaches
  8 goblins
  5 hobgoblins
  5 jackals
  5 quokkas
  9 ball pythons
  4 frilled lizards
  14 kobolds
  An orc skeleton (D:7)
  A rat (D:1)
153 creatures vanquished.

Notes
Turn   | Place    | Note
-------+----------+-------------------------------------------
     0 | D:1      | pkoi the Hill Orc Fighter began the quest for the Orb.
     0 | D:1      | Reached XP level 1. HP: 19/19 MP: 1/1
   101 | D:1      | Reached skill level 3 in Axes
   103 | D:1      | Reached XP level 2. HP: 22/27 MP: 2/2
   644 | D:1      | Reached XP level 3. HP: 28/33 MP: 3/3
  1227 | D:2      | Reached skill level 4 in Axes
  1505 | D:2      | Reached XP level 4. HP: 39/40 MP: 4/4
  1864 | D:3      | Found a shimmering blue altar of Sif Muna.
  1996 | D:3      | Reached skill level 5 in Axes
  1996 | D:3      | Reached XP level 5. HP: 33/47 MP: 5/5
  2220 | D:3      | Found Bintuiw's Magic Scroll Shoppe.
  2223 | D:3      | Bought a scroll of blinking for 82 gold pieces
  2901 | D:3      | Found Eciq's Antique Armour Emporium.
  3546 | D:4      | Noticed Edmund
  3557 | D:4      | Killed Edmund
  3558 | D:4      | Reached skill level 5 in Fighting
  3558 | D:4      | Reached skill level 6 in Axes
  3558 | D:4      | Reached XP level 6. HP: 7/56 MP: 6/6
  4256 | D:4      | Reached skill level 7 in Axes
  4256 | D:4      | Reached skill level 5 in Armour
  4256 | D:4      | Reached XP level 7. HP: 61/61 MP: 7/7
  4701 | D:5      | Entered Level 5 of the Dungeon
  4888 | D:5      | Reached skill level 8 in Axes
  5228 | D:5      | Found Lepsatta's Self-Improvement Boutique.
  5273 | D:5      | Noticed Prince Ribbit
  5281 | D:5      | Killed Prince Ribbit
  5282 | D:5      | Reached XP level 8. HP: 59/71 MP: 8/8
  5622 | D:6      | Reached skill level 9 in Axes
  5654 | D:6      | Found a staircase to the Ecumenical Temple.
  5662 | D:6      | Noticed Duvessa
  5663 | D:6      | Noticed Dowan
  5664 | Temple   | Entered the Ecumenical Temple
  5772 | Temple   | Became a worshipper of Qazlal Stormbringer
  5806 | D:6      | Noticed Blork the orc
  5825 | Temple   | Killed Blork the orc
  5826 | Temple   | Reached skill level 1 in Invocations
  6217 | D:6      | Killed Duvessa
  6219 | D:6      | Killed Dowan
  6376 | D:6      | Noticed Eustachio
  6402 | D:6      | Killed Eustachio
  6555 | D:6      | Reached XP level 9. HP: 79/79 MP: 12/12
  6697 | D:6      | Noticed Sigmund
  6698 | D:6      | Noticed Pikel
  6728 | D:6      | Killed Pikel
  6729 | D:6      | Reached skill level 10 in Axes
  6729 | D:6      | Reached skill level 5 in Invocations
  6740 | D:6      | Killed Sigmund
  7379 | D:7      | Noticed a two-headed ogre
  7385 | D:7      | Reached * piety under Qazlal
  7386 | D:7      | Reached skill level 1 in Evocations
  7534 | D:7      | Noticed a hornet
  7541 | D:7      | Killed a hornet
  8355 | D:7      | Reached XP level 10. HP: 82/90 MP: 15/15
  8394 | D:7      | Reached skill level 11 in Axes
  8546 | D:7      | Slain by a two-headed ogre

Illustrated notes

Levels and vault maps discovered:
D:1:      lemuel_arrival_muddy, layout_loops_ring
D:2:      layout_basic
D:3:      layout_basic, nicolae_overflow_hidden_temple, serial_shops,
          nicolae_shop_behind_doors, nicolae_shop_behind_doors
D:4:      layout_basic, kennysheep_generic_room_6, uniq_edmund
D:5:      layout_loops_ring, nicolae_shop_self_help, uniq_prince_ribbit1
D:6:      layout_cave_pools, minmay_temple_entry_grid,
          amcnicky_mini_corridor_feature, st_stairs_12, uniq_eustachio,
          uniq_duvessa, uniq_blork_the_orc, uniq_pikel, uniq_sigmund
D:7:      layout_basic, nicolae_ossuary_entry_catacombs,
          minmay_chambers_of_fives
Temple:   regret_index_temple_waves

Skill      XL: |  1  2  3  4  5  6  7  8  9 10 |
---------------+-------------------------------+-----
Axes           | 3 4 5 6 7 8 9 10 11 | 11.0
Fighting       | 4 5 6 7 8 |  8.7
Armour         | 4 5 6 7 8 |  8.0
Invocations    | 4 7 8 |  8.5
Evocations     | 2 |  2.7
Shields        | |  3.4

Action                   |  1- 3 |  4- 6 |  7- 9 | 10-12 || total
-------------------------+-------+-------+-------+-------++-------
Melee: War axe           |    99 |   112 |       |       ||   211
       Flail             |       |     7 |   284 |    38 ||   329
Evoke: Wand              |       |       |       |     1 ||     1
  Use: Scroll            |       |     3 |     4 |     3 ||    10
       Potion            |       |     1 |       |       ||     1
Armor: Scale mail        |    49 |    52 |   182 |    18 ||   301
Dodge: Dodged            |    49 |    80 |   241 |    14 ||   384
Block: Buckler           |    22 |    24 |    93 |     8 ||   147
